AoeStats
← [CL] Al3jandr0.magn00

Arabia

504269466Analyzed
1v1 RM · 28d ago on Sep 4, 2026· 22m 21s· 2 players
Game mode
Random Map
Map size
Tiny (2 player)
Population
200
Speed
Normal
Resources
Standard
Victory
Conquest
Starting age
Dark Age
Ending age
Imperial Age
RankedLock teamsTeams togetherTeam positionsShared explorationLock speedFull tech treeHidden civsTurbo modeCheats
Victory
Defeat
🇦🇷 Khmer · Argentina
2065
+9
🇦🇷 Magyars · Argentina
1889
-9
NicoDA
6:05 Loom
8:51 Feudal Age
10:53 Double-Bit Axe
10:50 Horse Collar
17:53 Castle Age
17:12 Fletching
17:30 Gold Mining
18:46 Bodkin Arrow
19:00 Crossbowman
22:43 Bow Saw
[CL] Al3jandr0.magn00
6:13 Loom
8:54 Feudal Age
9:53 Double-Bit Axe
13:24 Horse Collar
20:24 Castle Age
18:51 Gold Mining
19:59 Fletching
20:10 Padded Archer Armor
21:18 Elite Skirmisher
Connection lost

Rejoining the realm…

Still unreachable

The connection could not be restored.

Session expired

The server has moved on; the page needs a fresh start.